 Dungeon Crawl Stone Soup version 0.19-a0-1686-g35356ef (webtiles) character file.

4088 JeffiDaFish the Magician (level 10, -1/81 HPs)
             Began as a Black Draconian Fire Elementalist on Sept 26, 2016.
             Was a Believer of Sif Muna.
             Slain by a hippogriff (7 damage)
             ... on level 1 of the Lair of Beasts.
             The game lasted 01:17:09 (9114 turns).

JeffiDaFish the Magician (DrFE)                     Turns: 9114, Time: 01:17:11

Health: -1/81      AC: 11    Str: 12    XL:     10   Next: 5%
Magic:  19/20      EV: 14    Int: 17    God:    Sif Muna [**....]
Gold:   412        SH:  0    Dex: 13    Spells: 3 memorised, 15 levels left

rFire  + . .     SeeInvis .     p - +3 quarterstaff "Teazur" {holy, rC+ rN+}
rCold  + + .     Gourm    .     (armour unavailable)
rNeg   + . .     Faith    .     (shield currently unavailable)
rPois  .         Spirit   .     (helmet restricted)
rElec  +         Dismiss  .     (no cloak)
rCorr  .         Reflect  .     d - +2 pair of gloves
MR     +....     Harm     .     (no boots)
Stlth  +++.......               k - amulet of magic regeneration
                                z - ring "Ledacsot" {*Corrode rF+ rC+ Dex+3}
                                e - ring of flight

@: no status effects
A: breathe lightning, unfitting armour, clumsy 1, magic resistance 1,
electricity resistance, wild magic 1, cold-blooded, AC +7
a: Breathe Lightning, Divine Energy, Renounce Religion, Evoke Flight


You were on level 1 of the Lair of Beasts.
You worshipped Sif Muna.
Sif Muna was pleased with you.
You were hungry.

You visited 3 branches of the dungeon, and saw 11 of its levels.

You collected 412 gold pieces.

Inventory:

Hand Weapons
 p - the +3 quarterstaff "Teazur" (weapon) {holy, rC+ rN+}
   (You found it on level 4 of the Dungeon)

   It has been blessed by the Shining One to cause great damage to the undead
   and demons.
   It protects you from cold.
   It protects you from negative energy.
Missiles
 u - 28 poisoned needles
Armour
 d - a +2 pair of gloves (worn)
 E - a +2 pair of gloves
Jewellery
 e - a ring of flight (left hand)
 k - an amulet of magic regeneration (around neck)
 z - the ring "Ledacsot" (right hand) {*Corrode rF+ rC+ Dex+3}
   (You acquired it on level 8 of the Dungeon)

   [ring of protection from fire]

   It affects your dexterity (+3).
   It protects you from fire.
   It protects you from cold.
   It may corrode you when you take damage.
Wands
 y - a wand of slowing (25/48)
Scrolls
 c - 2 scrolls of enchant armour
 f - a scroll of teleportation
 h - 3 scrolls of remove curse
 l - a scroll of identify
 s - a scroll of fog
 x - a scroll of fear
Potions
 j - a potion of curing
 m - a potion of berserk rage
 n - 2 potions of cancellation
 o - 2 potions of flight
 t - 2 potions of resistance
Books
 a - a book of Flames

   Spells                             Type                      Level
   a - Flame Tongue                   Conjuration/Fire             1
   b - Throw Flame                    Conjuration/Fire             2
   c - Conjure Flame                  Conjuration/Fire             3
   d - Inner Flame                    Hexes/Fire                   3
   e - Sticky Flame                   Conjuration/Fire             4
   f - Fireball                       Conjuration/Fire             5
 q - a book of Power

   Spells                             Type                      Level
   a - Fulminant Prism                Conjuration/Hexes            4
   b - Iskenderun's Mystic Blast      Conjuration                  4
   c - Venom Bolt                     Conjuration/Poison           5
   d - Bolt of Magma                  Conjuration/Fire/Earth       5
   e - Iron Shot                      Conjuration/Earth            6
   f - Orb of Destruction             Conjuration                  7
   g - Spellforged Servitor           Conjuration/Summoning        7
 v - a book of Battle

   Spells                             Type                      Level
   a - Infusion                       Charms                       1
   b - Shroud of Golubria             Charms/Translocation         2
   c - Song of Slaying                Charms                       2
   d - Spectral Weapon                Hexes/Charms                 3
   e - Regeneration                   Charms/Necromancy            3
 C - a book of the Dragon

   Spells                             Type                      Level
   a - Flame Tongue                   Conjuration/Fire             1
   b - Cause Fear                     Hexes                        4
   c - Bolt of Fire                   Conjuration/Fire             6
   d - Dragon Form                    Transmutation                7
   e - Dragon's Call                  Summoning                    9
Miscellaneous
 B - a phial of floods
Comestibles
 b - 3 bread rations
 g - 3 beef jerkies
 i - 2 meat rations
 r - a royal jelly
 w - a fruit
 A - a slice of pizza


   Skills:
 + Level 5.0 Fighting
   Level 0.4 Axes
 + Level 4.5 Staves
 + Level 4.8 Dodging
 + Level 5.2 Stealth
 - Level 0.2 Unarmed Combat
 * Level 6.9 Spellcasting
 * Level 6.0 Conjurations
 + Level 5.8 Fire Magic


You had 15 spell levels left.
You knew the following spells:

 Your Spells              Type           Power        Failure   Level  Hunger
a - Flame Tongue          Conj/Fire      ####.        1%          1    None
b - Throw Flame           Conj/Fire      ####..       2%          2    None
c - Sticky Flame          Conj/Fire      ####....     17%         4    ####...


Dungeon Overview and Level Annotations

Branches:
Dungeon (8/15)             Temple (1/1) D:5            Lair (2/6) D:8
  Swamp: Lair:2-4    Shoals: Lair:2-4     Snake: Lair:2-4    Spider: Lair:2-4

Altars:
Ashenzari
Cheibriados
Dithmenos
Elyvilon
Fedhas
Gozag
Hepliaklqana
Kikubaaqudgha
Makhleb
Nemelex Xobeh
Okawaru
Qazlal
Ru
Sif Muna
Trog
Uskayaw
Vehumet
Xom
Yredelemnul
Zin
The Shining One

Shops:
D:5 =


Innate Abilities, Weirdness & Mutations

You can breathe wild blasts of lightning.
Your glossy black scales are hard. (AC +7)
You cannot fit into any form of body armour.
You are resistant to electric shocks. (rElec)
You are cold-blooded and may be slowed by cold attacks.
You are clumsy. (Dex -2)
You are resistant to hostile enchantments. (MR+)
Your spells are a little harder to cast, but a little more powerful.


Message History

The hippogriff pecks you but does no damage.
The hippogriff claws you but does no damage.
You climb upwards.
There is a stone staircase leading down, spattered with blood here.
The hippogriff bites you.
* * * LOW HITPOINT WARNING * * *
The hippogriff misses you.
The hippogriff claws you but does no damage.
Casting: Flame Tongue
Confirm with . or Enter, or press ? or * to list all spells.
Aiming: Flame Tongue
Press: ? - help, Shift-Dir - straight line, f - hippogriff
Aim: a hippogriff (lightly wounded)
The flame tongue hits the hippogriff.
The hippogriff is heavily wounded.
The hippogriff bites you but does no damage.
The hippogriff pecks you.
* * * LOW HITPOINT WARNING * * *
The hippogriff claws you!
You die...

. #.............#... #
#.....#.......#..## #
#.....#.......#...# #
##.....#..........##
######P.............P...#
............###.##.#...#
.....................%.#
...............H@......#
.......................#
.......................#
P######.....##########.#
## #P.....# #.# #
.........# #.P #
..#......P.. ...# #
..##.....≈≈P #.P# .#


You could see a hippogriff.

Vanquished Creatures
  A spiny frog (Lair:1)
  A rime drake (Lair:1)
  A komodo dragon (Lair:1)
  Sigmund (D:4)
  A basilisk (Lair:1)
  Eustachio (D:5)
  Menkaure (D:5)
  Edmund (D:4)
  Duvessa (D:5)
  2 water moccasins (Lair:1)
  A sky beast (D:8)
  A phantom (D:5)
  3 ice beasts
  3 ogres
  2 centaurs (D:8)
  A crocodile (Lair:1)
  A big kobold (D:8)
  4 bullfrogs
  Dowan (D:5)
  3 scorpions
  3 killer bees (D:8)
  3 howler monkeys
  An electric eel (Lair:1)
  A bullfrog zombie (D:7)
  A centaur zombie (D:6)
  A hound (D:7)
  2 jellies
  An orc priest (D:7)
  A bullfrog skeleton (D:8)
  3 iguanas
  Jessica (D:3)
  An orc wizard (D:7)
  3 worker ants
  Robin (D:3)
  3 gnolls (D:8)
  A howler monkey skeleton (D:4)
  A howler monkey zombie (D:8)
  7 adders
  A shadow imp (D:5)
  An ooze (D:6)
  A dart slug (D:3)
  4 leopard geckos
  9 orcs
  3 ball pythons
  3 giant cockroaches
  8 goblins
  8 hobgoblins
  15 jackals
  15 kobolds
  A quokka (D:5)
  8 bats
  4 frilled lizards
  A giant cockroach zombie (D:5)
  2 jackal skeletons
  A leopard gecko skeleton (D:5)
  2 quokka skeletons
  2 quokka zombies (D:5)
  8 rats
  A plant (Lair:1)
164 creatures vanquished.

Vanquished Creatures (others)
  A fungus (Lair:1)
1 creature vanquished.

Grand Total: 165 creatures vanquished

Notes
Turn   | Place    | Note
-------+----------+-------------------------------------------
     0 | D:1      | JeffiDaFish the Draconian Fire Elementalist began the quest for the Orb.
     0 | D:1      | Reached XP level 1. HP: 14/14 MP: 3/3
   486 | D:1      | Reached XP level 2. HP: 20/20 MP: 1/5
   782 | D:1      | Learned a level 2 spell: Throw Flame
   831 | D:1      | Gained mutation: You are clumsy. (Dex -2) [potion of mutation]
   831 | D:1      | Gained mutation: You are resistant to hostile enchantments. (MR+) [potion of mutation]
   831 | D:1      | Gained mutation: Your spells are a little harder to cast, but a little more powerful. [potion of mutation]
  1282 | D:2      | Reached XP level 3. HP: 27/27 MP: 6/6
  1824 | D:3      | Reached XP level 4. HP: 33/34 MP: 7/7
  1863 | D:3      | Noticed Robin
  1900 | D:3      | Killed Robin
  2389 | D:3      | Noticed Jessica
  2393 | D:3      | Killed Jessica
  2393 | D:3      | Reached skill level 1 in Fighting
  2452 | D:3      | Reached XP level 5. HP: 33/40 MP: 1/9
  2729 | D:4      | Identified the +3 quarterstaff "Teazur" {holy, rC+ rN+} (You found it on level 4 of the Dungeon)
  2749 | D:4      | Noticed Edmund
  3165 | D:4      | Noticed an ogre
  3170 | D:4      | Killed an ogre
  3384 | D:4      | Noticed Sigmund
  3396 | D:4      | Killed Sigmund
  3396 | D:4      | Reached skill level 1 in Staves
  3396 | D:4      | Reached XP level 6. HP: 36/48 MP: 2/11
  3771 | D:4      | Learned a level 4 spell: Sticky Flame
  3795 | D:4      | Killed Edmund
  3795 | D:4      | Your scales start taking on a glossy black colour.
  3795 | D:4      | Reached XP level 7. HP: 35/55 MP: 3/13
  3795 | D:4      | Gained mutation: You are resistant to electric shocks. (rElec) [Black Draconian growth]
  3975 | D:4      | Found a burning altar of Makhleb.
  4163 | D:5      | Entered Level 5 of the Dungeon
  4178 | D:5      | Noticed Duvessa
  4180 | D:5      | Noticed Dowan
  4181 | D:5      | Noticed Menkaure
  4188 | D:5      | Killed Duvessa
  4477 | D:4      | Got an ebony whip {freeze}
  4479 | D:4      | Identified the +6 whip of Accord {freeze, MR++ Int-4} (You took it off an orc on level 4 of the Dungeon)
  4489 | D:5      | Killed Menkaure
  4502 | D:5      | Killed Dowan
  4546 | D:5      | Found a staircase to the Ecumenical Temple.
  4554 | Temple   | Entered the Ecumenical Temple
  4601 | Temple   | Became a worshipper of Sif Muna the Loreminder
  4941 | D:5      | Reached XP level 8. HP: 62/62 MP: 8/15
  5222 | D:5      | Found Ziaxtad's Jewellery Shop.
  5229 | D:5      | Noticed Eustachio
  5251 | D:5      | Killed Eustachio
  5251 | D:5      | Reached skill level 5 in Spellcasting
  5947 | D:6      | Reached * piety under Sif Muna
  6122 | D:6      | Found a burning altar of Makhleb.
  6344 | D:7      | Found a glowing silver altar of Zin.
  6365 | D:7      | Reached skill level 5 in Fire Magic
  6415 | D:7      | Found an iron altar of Okawaru.
  6643 | D:7      | Found an opulent altar of Gozag.
  6649 | D:7      | Found a basalt altar of Yredelemnul.
  6663 | D:7      | Found a stormy altar of Qazlal.
  6666 | D:7      | Found a shattered altar of Ashenzari.
  6912 | D:8      | Reached XP level 9. HP: 70/71 MP: 17/17
  7851 | D:8      | Reached skill level 5 in Conjurations
  7880 | D:8      | Identified a scroll of acquirement
  7881 | D:8      | Got a pitted golden ring
  7882 | D:8      | Identified the ring "Ledacsot" {*Corrode rF+ rC+ Dex+3} (You acquired it on level 8 of the Dungeon)
  8110 | D:8      | Found a staircase to the Lair.
  8149 | Lair:1   | Entered Level 1 of the Lair of Beasts
  8235 | Lair:1   | Noticed a spiny frog
  8244 | Lair:1   | Killed a spiny frog
  8551 | Lair:1   | Noticed a komodo dragon
  8568 | Lair:1   | Noticed a black mamba
  8568 | Lair:1   | Killed a komodo dragon
  8568 | Lair:1   | Reached ** piety under Sif Muna
  8803 | Lair:1   | Noticed a rime drake
  8819 | Lair:1   | Killed a rime drake
  8819 | Lair:1   | Reached skill level 5 in Fighting
  8819 | Lair:1   | Reached skill level 5 in Stealth
  8858 | Lair:1   | Reached XP level 10. HP: 54/81 MP: 8/20
  9045 | Lair:1   | HP: 3/81 [poisoned by a black mamba]
  9088 | Lair:1   | HP: 2/81 [hippogriff (4)]
  9114 | Lair:1   | Slain by a hippogriff

Vault maps used:
D:1:      dpeg_arrival_rooms_b
D:3:      uniq_robin, uniq_jessica
D:4:      bloody_makhleb, uniq_edmund, uniq_sigmund
D:5:      first_bread, enter_ossuary_4, serial_shops,
          nicolae_shop_window_shopping, uniq_duvessa, uniq_eustachio,
          uniq_menkaure
D:6:      basic_altar
D:7:      okawaru_ov_weapons_minmay, grunt_temple_overflow_cloverleaf,
          lemuel_crystal_altar
D:8:      lair_0_dummy
Temple:   minmay_freezing_vapour_temple
Lair:1:   serial_bayou_lagoon_a, grunt_megastairs_3, uniq_harold
Lair:2:   beast_lair_carwin_1, infiniplex_staircase_pool, lemuel_fruit_tree,
          serial_bayou_shore_a

Skill      XL: |  1  2  3  4  5  6  7  8  9 |
---------------+----------------------------+-----
Stealth        | 2 3 4 5 |  5.2
Dodging        | 2 3 4 |  4.8
Fighting       | 1 2 4 5 |  5.0
Spellcasting   | 3 4 5 6 |  6.9
Conjurations   | 2 3 4 6 |  6.0
Staves         | 1 2 3 4 |  4.5
Fire Magic     | 4 5 |  5.8
Axes           | |  0.4
Unarmed Combat | |  0.2

Action                   |  1- 3 |  4- 6 |  7- 9 | 10-12 || total
-------------------------+-------+-------+-------+-------++-------
Melee: Unarmed           |    46 |       |       |       ||    46
       Hand axe          |    92 |    58 |       |       ||   150
       Tailslap          |    11 |     6 |    12 |       ||    29
       Quarterstaff      |       |    31 |   145 |    11 ||   187
 Cast: Flame Tongue      |    27 |    40 |   145 |    13 ||   225
       Throw Flame       |     4 |    21 |    68 |     1 ||    94
       Sticky Flame      |       |       |     1 |       ||     1
 Abil: Breathe Lightning |       |       |     1 |       ||     1
  Use: Scroll            |     6 |     6 |    10 |     2 ||    24
       Potion            |     4 |     5 |     4 |     1 ||    14
 Stab: Distracted        |     1 |       |       |       ||     1
       Sleeping          |       |       |     5 |       ||     5
  Eat: Chunk             |     4 |     4 |     7 |       ||    15
       Pizza             |       |     1 |       |       ||     1
       Fruit             |       |     2 |     3 |       ||     5
       Bread ration      |       |       |     2 |       ||     2
Armor: Skin              |    60 |    39 |    60 |    12 ||   171
Dodge: Dodged            |   123 |    73 |   115 |    16 ||   327
